 Dungeon Crawl Stone Soup version 0.27-a0-988-g25969acef8 (webtiles) character file.

Game seed: 4921716166497337879

120 tardwrangler69 the Chiller (level 5, -2/35 HPs)
             Began as a Merfolk Ice Elementalist on Apr 15, 2021.
             Succumbed to a water moccasin's poison
             ... on level 5 of the Dungeon.
             The game lasted 00:04:50 (2652 turns).

tardwrangler69 the Chiller (MfIE)                   Turns: 2652, Time: 00:04:50

Health: -2/35      AC:  2    Str:  8    XL:     5   Next: 4%
Magic:  5/9        EV: 13    Int: 15    God:
Gold:   91         SH:  0    Dex: 15    Spells: 8/9 levels left

rFire    . . .     SeeInvis .   f - +0 trident
rCold    . . .     Faith    .   (no shield)
rNeg     . . .     Spirit   .   a - +0 robe
rPois    .         Reflect  .   (no helmet)
rElec    .         Harm     .   (no cloak)
rCorr    .         Rampage  .   (no gloves)
Will     ++...                  (no boots)
Stlth    ++........             (no amulet)
HPRegen  0.11/turn              (no ring)
MPRegen  0.11/turn              (no ring)

@: lethally poisoned (-2 -> -25), attractive
A: (nimble swimmer 2), mertail, strong-willed 2
a: no special abilities


You were on level 5 of the Dungeon.
You visited 1 branch of the dungeon, and saw 4 of its levels.

You collected 91 gold pieces.

Inventory:

Hand Weapons
 f - a +0 trident (weapon)
Armour
 a - a +0 robe (worn)
Jewellery
 l - an amulet of regeneration
Scrolls
 b - a scroll of fear {unknown}
 c - a scroll of identify {unknown}
 e - 3 scrolls of teleportation
 h - a scroll of noise {unknown}
 k - a scroll of brand weapon {unknown}
Potions
 i - a potion of flight {unknown}
 j - a potion of curing {unknown}


   Skills:
 + Level 2.3 Polearms
 + Level 3.8 Dodging
 - Level 2.1 Stealth
 + Level 2.6 Spellcasting
 * Level 5.5 Ice Magic


You had 8 spell levels left.
You knew the following spells:

 Your Spells              Type           Power      Damage    Failure   Level
a - Freeze                Ice            72%        1d9       2%          1

Your spell library contained the following spells:

 Spells                   Type           Power      Damage    Failure   Level
 Frozen Ramparts          Ice            36%        1d5       6%          3
 Ozocubu's Armour         Ice            18%        N/A       6%          3
 Magic Dart               Conj           8%         1d3       21%         1
 Blink                    Tloc           N/A        N/A       30%         2
 Call Imp                 Summ           2%         N/A       30%         2
 Slow                     Hex            2%         N/A       30%         2
 Conjure Flame            Conj/Fire      2%         6-21      52%         3
 Mephitic Cloud           Conj/Pois/Air  2%         N/A       52%         3
 Hailstorm                Conj/Ice       10%        3d5       54%         4
 Metabolic Englaciation   Hex/Ice        5%         N/A       88%         5


Dungeon Overview and Level Annotations

Branches:
Dungeon (3/15)

Altars:
Dithmenos

Annotations:
D:5 Eustachio


Innate Abilities, Weirdness & Mutations

((You are quick and stealthy near water. (Stealth+, EV+, Speed+++)))
Your lower body shifts to a powerful aquatic tail in water.
You are highly strong-willed. (Will++)


Message History

The water moccasin is moderately wounded.
The water moccasin closely misses you.
Casting: Freeze (safe; 2% risk of failure)
Confirm with . or Enter, or press ? or * to list all spells.
Aiming: Freeze (safe; 2% risk of failure)
Press: ? - help, Shift-Dir - straight line, f/p - water moccasin
Aim: a water moccasin (moderately wounded)
You freeze the water moccasin.
The water moccasin is moderately wounded.
The water moccasin barely misses you. The water moccasin bites you.
Casting: Freeze (safe; 2% risk of failure)
Confirm with . or Enter, or press ? or * to list all spells.
Aiming: Freeze (safe; 2% risk of failure)
Press: ? - help, Shift-Dir - straight line, f/p - water moccasin
Aim: a water moccasin (moderately wounded)
You freeze the water moccasin.
The water moccasin is heavily wounded.
The water moccasin seems to slow down.
The water moccasin bites you.
You are poisoned.
The water moccasin poisons you!
Casting: Freeze (safe; 2% risk of failure)
Confirm with . or Enter, or press ? or * to list all spells.
Aiming: Freeze (safe; 2% risk of failure)
Press: ? - help, Shift-Dir - straight line, f/p - water moccasin
Aim: a water moccasin (moderately wounded, slow)
You freeze the water moccasin.
The water moccasin is heavily wounded.
The water moccasin seems to slow down.
You feel very sick. The water moccasin bites you!
* * * LOW HITPOINT WARNING * * *
You are more poisoned.
The water moccasin poisons you!
It was a potion of mutation.
You feel extremely strange.
You feel strong-willed.
You feel more strong-willed.
* * * LOW HITPOINT WARNING * * *
You feel extremely sick.
It was a potion of attraction.
You feel attractive to monsters.
You die...

#.#.#.# #.....#
#.....# #.#.#.#
#.....# #.....#
#.....# #S.####
#@######..
#.........
#.#######. #.#
# #.# ##.###.#
#......#######.
##.....).......
##############


You could see a water moccasin (slow).

Vanquished Creatures
  2 hounds (D:5)
  An adder (D:2)
  A dart slug (D:2)
  5 bats
  7 endoplasms
  A giant cockroach (D:1)
  2 goblins (D:2)
  A hobgoblin (D:1)
  5 kobolds (D:1)
  2 quokkas
  10 ball pythons
  4 frilled lizards
  6 rats
47 creatures vanquished.

Notes
Turn   | Place    | Note
-------+----------+-------------------------------------------
     0 | D:1      | tardwrangler69 the Merfolk Ice Elementalist began the quest
                  | for the Orb.
     0 | D:1      | Reached XP level 1. HP: 13/13 MP: 3/3
   195 | D:1      | Reached XP level 2. HP: 11/19 MP: 0/5
   423 | D:1      | Found a faded altar of an unknown god.
  1170 | D:1      | Reached XP level 3. HP: 23/24 MP: 6/6
  1415 | D:2      | Reached skill level 1 in Polearms
  1415 | D:2      | Reached skill level 5 in Ice Magic
  2342 | D:3      | Reached XP level 4. HP: 30/30 MP: 7/7
  2352 | D:3      | Found a shadowy altar of Dithmenos.
  2385 | D:3      | You fall into a shaft and drop 2 floors!
  2385 | D:5      | Entered Level 5 of the Dungeon
  2390 | D:5      | Noticed a lemure
  2403 | D:5      | Noticed Eustachio
  2578 | D:5      | Reached XP level 5. HP: 30/35 MP: 3/9
  2640 | D:5      | Noticed a water moccasin
  2651 | D:5      | Gained mutation: You are strong-willed. (Will+) [potion of
                  | mutation]
  2651 | D:5      | Gained mutation: You are highly strong-willed. (Will++)
                  | [potion of mutation]
  2652 | D:5      | Succumbed to a water moccasin's poison

Illustrated notes

Levels and vault maps discovered:
D:1:      elethiomel_arrival_fortress_basement, layout_rooms,
          hellmonk_ecumenical_altar_blasted, corexii_hall_statues_x
D:2:      layout_rooms, kennysheep_nub
D:3:      layout_loops_ring, grunt_dithmenos_smoke, uniq_purgy, uniq_jessica
D:5:      layout_loops_ring, grunt_qazlal_clouds, lemuel_round_altar,
          minmay_temple_entry_glassed_door, nicolae_ossuary_entry_ruins,
          columned_hall_lemuel, kennysheep_small_square, uniq_eustachio,
          uniq_blork_the_orc, uniq_pikel

Skill      XL: |  1  2  3  4 |
---------------+-------------+-----
Dodging        | 3 |  3.8
Polearms       | 1 2 |  2.3
Ice Magic      | 5 |  5.5
Stealth        | |  2.1
Spellcasting   | |  2.6

Action                   |  1- 3 |  4- 6 || total
-------------------------+-------+-------++-------
Melee: Unarmed           |    19 |       ||    19
       Trident           |    99 |     3 ||   102
       Short sword       |     3 |       ||     3
 Cast: Freeze            |    19 |    11 ||    30
  Use: Scroll            |       |     1 ||     1
       Potion            |       |     2 ||     2
 Stab: Sleeping          |     6 |       ||     6
Armor: Robe              |    24 |     1 ||    25
Dodge: Dodged            |    99 |     5 ||   104

Table legend: (Time is in decaauts)
 A = Elapsed time spent in this place.
 B = Non-inter-level travel time spent in this place.
 C = Inter-level travel time spent in this place.
 D = Time resting spent in this place.
 E = Time spent auto-exploring this place.
 F = Levels seen in this place.
 G = Mean time per level.
                   A        B        C        D        E       F      G
               +--------+--------+--------+--------+--------+-----+--------+
         Total |   2677 |   2598 |     79 |      0 |   2224 |   4 |  669.2 |
       Dungeon |   2677 |   2598 |     79 |      0 |   2224 |   4 |  669.2 |
               +--------+--------+--------+--------+--------+-----+--------+

Top non-repeatable levels by time:
     D:1: 1259 daAuts
     D:2: 1098 daAuts
     D:5: 267 daAuts
     D:3: 51 daAuts
